 Dungeon Sprint DCSS version 0.22-a0-354-g30dfbe6 (webtiles) character file.

5 Kikal the Caller (level 1, -1/7 HPs)
             Began as a Felid Summoner on Apr 16, 2018.
             Slain by a scorpion (5 damage)
             ... in the Dungeon (Sprint III: "The Ten Rune Challenge").
             The game lasted 00:01:34 (124 turns).

Kikal the Caller (Felid Summoner)                    Turns: 124, Time: 00:01:35

Health: -1/7       AC:  1    Str:  4    XL:     1   Next: 66%
Magic:  2/5        EV: 18    Int: 16    God:
Gold:   0          SH:  0    Dex: 16    Spells: 4/5 levels left
                                        Lives:  0   Deaths: 0

rFire    . . .     SeeInvis +     - Unarmed
rCold    . . .     Gourm    .   (shield unavailable)
rNeg     . . .     Faith    .   (armour unavailable)
rPois    .         Spirit   .   (helmet unavailable)
rElec    .         Reflect  .   (cloak unavailable)
rCorr    .         Harm     .   (gloves unavailable)
MR       .....     NoTele   +   (boots unavailable)
Stlth    +++.......             (no amulet)
HPRegen  0.02/turn              (no ring)
MPRegen  0.09/turn              (no ring)

@: quick
A: very small, no armour, no weapons or thrown items, stealth, claws 1, fangs 3,
see invisible, carnivore, speed 1, shaggy fur 1, slow metabolism 1, sharp paws
a: no special abilities


You were in the Dungeon.
You were full.

You visited 1 branch

Inventory:

Scrolls
 h - a scroll of blinking
Potions
 c - a potion of curing
 d - a potion of heal wounds
 e - a potion of haste
 f - 2 potions of magic
 g - a potion of berserk rage
Comestibles
 b - 2 rations


   Skills:
 - Level 2.6 Dodging
 + Level 3.6 Stealth
 * Level 1.4 Unarmed Combat
 + Level 2.5 Spellcasting
 * Level 4.3 Summonings


You had 4 spell levels left.
You knew the following spells:

 Your Spells              Type           Power        Failure   Level  Hunger
a - Summon Small Mammal   Summ           ###.         3%          1    #......


Dungeon Overview and Level Annotations

Branches:
Dungeon (1/1)

Altars:


Innate Abilities, Weirdness & Mutations

You cannot wear armour.
You are incapable of wielding weapons or throwing items.
Your paws allow you to move quietly. (Stealth)
You have sharp claws.
You have razor-sharp teeth.
You have supernaturally acute eyesight. (SInv)
You are carnivorous and can eat meat at any time.
You cover ground quickly.
You are covered in fur. (AC +1)
You have a slow metabolism.
Your sharp claws are effective at attacking unaware monsters.


Message History

You now have 2/5 mp.
The human hits your rat.
Your rat dies!
Your rat's corpse disappears in a puff of smoke!
Your quokka barely misses the human.
The human shouts!
Your rat closely misses the scorpion.
The scorpion stings your rat.
Your rat dies!
Your rat's corpse disappears in a puff of smoke!
You now have 2/5 mp.
You swap places.
Something stings your bat.
Your bat dies!
Your bat's corpse disappears in a puff of smoke!
You swing at nothing.
You scratch the scorpion but do no damage.
You bite the scorpion, but do no damage.
You scratch the scorpion but do no damage.
The scorpion stings you.
Ouch! That really hurt!
You die...

▓▓▓▓▓▓▓▓▓
▓<..#...####
▓...#......##
▓..##.....÷.# ..#
▓##.##.##§..# ..#
##.##.###p.# #..#
▓#.####s##..# ...+
▓.###.@##..####...#
▓#.....##.r###....#
###..##.§.##pr...#
##÷.##....#......#
#..###..##.#.....#
#(.# #..#####....#
▓▓▓▓ ▓▓▓▓ ▓▓▓▓▓▓


You could see a scorpion.

Vanquished Creatures
  An ooze (D)
  3 rats (D)
4 creatures vanquished.

Vanquished Creatures (others)
  A hellion (D)
1 creature vanquished.

Grand Total: 5 creatures vanquished

Notes
Turn   | Place    | Note
-------+----------+-------------------------------------------
     0 | D        | Kikal the Felid Summoner began the quest for the Orb.
     0 | D        | Reached XP level 1. HP: 7/7 MP: 4/4
    16 | D        | Reached skill level 1 in Unarmed Combat
    97 | D        | Noticed a scorpion
    97 | D        | Killed a hellion
   124 | D        | Slain by a scorpion

Vault maps used:
D:        dungeon_sprint_mu

Skill      XL: |  1 |
---------------+----+-----
Stealth        | 3 |  3.6
Unarmed Combat | 1 |  1.4
Dodging        | |  2.6
Spellcasting   | |  2.5
Summonings     | |  4.3

Action                   || total
-------------------------++-------
Melee: Unarmed           ||    16
       Bite              ||     1
 Cast: Summon Small Mamm ||     6
 Stab: Sleeping          ||     2
  Eat: Chunk             ||     2
Dodge: Dodged            ||    11

Table legend:
 A = Spawn XP
 B = Non-spawn XP
 C = Spawn XP percentage of total XP
 D = Spawn monster count
 E = Non-spawn monster count
 F = Spawn count percentage of total count
 G = Total turns spent on level
                    A         B        C        D         E        F      G
               +---------+---------+-------+---------+---------+-------+---------
         Total |       0 |       8 |   0.0 |       0 |       4 |   0.0 |   124
               +---------+---------+-------+---------+---------+-------+---------
             D |       0 |       8 |   0.0 |       0 |       4 |   0.0 |   124
               +---------+---------+-------+---------+---------+-------+---------
